Map: Whispers of Gold

Players

MaxPax

  • Race: Protoss Protoss
  • Spawn Location: 5:00

LiquidClem (Clem) - Winner!

  • Race: Terran Terran
  • Spawn Location: 9:00

VOD

Have the link to the VOD?

Description

Time

  • Played on: Jan. 5, 2025, 3:22 p.m.
  • Length: 19:23
Show
View Real Time Build Order
Export as new Build Order

MaxPax Protoss 

Build Orders: 1 Gate Expand, Blink Stalkers 

Get SALT Encoding   

  12  0:00  Probe  
  13  0:12  Probe  
  14  0:17  Pylon  
  14  0:23  Probe  
  15  0:32  Probe  
  15  0:38  Gateway  
  15  0:40  Probe  
  16  0:47  Assimilator  
  17  0:51  Probe  
  18  1:03  Probe  
  19  1:15  Probe  
  20  1:26  Cybernetics Core  
  20  1:34  Nexus  
  20  1:37  Probe  
  21  1:44  Pylon  
  21  1:49  Probe  
  21  1:52  Assimilator, Adept  
  22  2:02  Probe  
  22  2:05  Warp Gate  
  25  2:12  Adept  
  25  2:14  Probe  
  28  2:26  Probe  
  28  2:28  Twilight Council  
  29  2:38  Probe, Blink  
  29  2:42  Stalker  
  30  2:46  Probe  
  30  2:50  Probe  
  34  2:58  Probe  
  34  3:00  Gateway  
  34  3:02  Probe  
  36  3:11  Probe  
  37  3:15  Probe  
  38  3:24  Robotics Facility  
  39  3:27  Probe  
  39  3:29  Gateway  
  39  3:31  Probe  
  40  3:39  Probe  
  41  3:42  Gateway  
  41  3:43  Probe  
  38  3:51  Probe  
  37  3:55  Probe, Stalker  
  37  3:59  Stalker  
  37  4:01  Warp Prism  
  39  4:03  Probe  
  39  4:08  Probe  
  41  4:14  Pylon  
  41  4:16  Probe  
  44  4:20  Probe  
  45  4:26  Pylon  
  45  4:29  Probe  
  46  4:36  Stalker x2  
  50  4:42  Stalker  
  50  5:00  Stalker x2  
  50  5:03  Probe  
  50  5:04  Probe  
  56  5:07  Pylon  
  56  5:22  Stalker  
  56  5:23  Stalker x2  
  56  5:26  Pylon, Probe  
  63  5:40  Probe  
  64  5:52  Probe  
  65  5:57  Probe  
  65  5:59  Nexus  
  65  6:01  Observer  
  65  6:03  Pylon  
  65  6:04  Probe  
  58  6:06  Assimilator  
  58  6:08  Probe  
  57  6:12  Forge, Probe  
  57  6:14  Stalker x3  
  57  6:16  Probe  
  64  6:20  Observer, Probe  
  64  6:23  Charge  
  64  6:24  Probe  
  67  6:25  Shield Battery  
  67  6:28  Protoss Ground Weapons Level 1  
  67  6:30  Probe  
  69  6:36  Probe  
  69  6:38  Sentry  
  72  6:42  Probe  
  72  6:45  Shield Battery  
  73  6:48  Probe  
  73  6:52  Gateway  
  74  6:54  Gateway  
  74  6:57  Warp Prism, Probe, Gateway  
  74  7:00  Sentry, Probe  
  79  7:11  Probe  
  79  7:13  Probe  
  81  7:17  Gateway, Probe  
  81  7:21  Gateway  
  82  7:27  Robotics Bay  
  82  7:28  Stalker  
  84  7:32  Stalker  
  84  7:34  Probe  
  87  7:40  Stalker  
  89  7:54  Pylon  
  89  7:56  Zealot x5  
  99  8:02  Probe x2, Colossus  
  101  8:10  Probe  
  100  8:14  Pylon  
  100  8:15  Pylon  
  106  8:25  Zealot  
  108  8:31  Zealot x2  
  108  8:33  Pylon  
  106  8:39  Colossus  
  104  8:42  Zealot x5  
  114  8:50  Extended Thermal Lance  
  120  9:04  Zealot x6  
  132  9:16  Zealot x2  
  120  9:25  Colossus  
  110  9:36  Zealot x8  
  132  9:42  Protoss Ground Weapons Level 2  
  128  9:52  Nexus  
  128  9:55  Pylon  
  126  10:00  Probe  
  126  10:04  Pylon  
  126  10:06  Dark Shrine  
  126  10:07  Pylon  
  125  10:14  Stalker  
  125  10:15  Stalker x3  
  125  10:19  Assimilator  
  125  10:20  Photon Cannon  
  125  10:21  Shield Battery, Colossus  
  133  10:22  Pylon, Probe x2  
  133  10:26  Zealot x4  
  133  10:27  Probe  
  144  10:35  Probe x2  
  140  10:41  Probe  
  147  10:46  Forge  
  147  10:47  Probe  
  148  10:50  Probe  
  148  10:52  Pylon  
  149  10:58  Stalker x4  
  157  11:04  Probe  
  158  11:12  Observer  
  158  11:13  Zealot x4  
  167  11:19  Protoss Ground Armor Level 1  
  167  11:22  Nexus  
  164  11:27  Dark Templar  
  164  11:28  Zealot  
  164  11:30  Zealot x2  
  172  11:37  Probe  
  171  11:40  Shadow Stride  
  171  11:44  Zealot x4  
  179  11:51  Pylon  
  179  11:53  Gateway  
  179  11:55  Pylon  
  179  11:56  Gateway  
  179  12:04  Disruptor  
  179  12:05  Robotics Facility  
  180  12:17  Zealot x8  
  194  12:31  Disruptor  
  190  12:43  Dark Templar  
  186  12:51  Dark Templar  
  186  12:55  Dark Templar  
  186  12:56  Dark Templar  
  190  13:03  Zealot x5  
  200  13:11  Disruptor  
  183  13:20  Zealot x2  
  183  13:26  Stalker x4  
  187  13:29  Zealot x4  
  191  13:46  Warp Prism  
  159  13:48  Zealot x2  
  159  13:49  Zealot x8  
  165  14:01  Probe x4  
  171  14:06  Colossus  
  173  14:11  Assimilator  
  173  14:12  Assimilator  
  173  14:13  Probe x4  
  173  14:16  Stalker  
  179  14:18  Nexus  
  179  14:21  Protoss Ground Armor Level 2, Protoss Ground Weapons Level 3  
  179  14:25  Probe  
  179  14:30  Pylon  
  180  14:32  Pylon x2  
  180  14:37  Photon Cannon  
  180  14:39  Probe  
  171  14:46  Zealot x4, Dark Templar  
  171  14:48  Colossus  
  171  14:52  Photon Cannon  
  184  14:53  Zealot x2  
  174  15:03  Colossus  
  149  15:14  Probe x3  
  149  15:15  Probe  
  149  15:19  Sentry  
  148  15:25  Stalker x4  
  148  15:26  Probe x2  
  148  15:28  Probe  
  159  15:31  Warp Prism  
  159  15:34  Probe  
  160  15:43  Zealot x3  
  160  15:48  Probe  
  167  15:50  Probe  
  163  15:57  Stalker x3  
  163  16:07  Stalker x3  
  163  16:08  Stalker  
  171  16:12  Sentry  
  171  16:14  Probe  
  171  16:15  Probe x4  
  178  16:21  Shield Battery  
  158  16:42  Nexus  
  158  16:43  Dark Templar  
  158  16:50  Observer  
  158  16:51  Zealot x6  
  171  16:55  Dark Templar  
  171  17:00  Disruptor  
  172  17:02  Disruptor  
  172  17:06  Probe x2  
  174  17:32  Colossus  
  156  17:42  Colossus  
  156  17:46  Zealot x4  
  156  17:47  Zealot x3  
  170  18:03  Zealot x3  
  175  18:17  Sentry, Zealot x4  
  175  18:18  Zealot x2  
  149  18:29  Colossus  
  157  18:45  Pylon  
  149  19:08  Zealot x6  
Show
View Real Time Build Order
Export as new Build Order

LiquidClem Terran - Winner!

Build Orders:  

Get SALT Encoding   

  12  0:00  SCV  
  13  0:12  SCV  
  14  0:17  Supply Depot  
  14  0:24  SCV  
  15  0:39  SCV  
  15  0:41  Barracks  
  16  0:44  Refinery  
  16  0:51  SCV  
  16  0:54  Refinery  
  17  1:03  SCV  
  18  1:15  SCV  
  19  1:28  Reaper, Orbital Command  
  19  1:32  Supply Depot  
  20  1:43  Factory  
  20  1:53  SCV  
  21  2:01  Barracks Reactor  
  21  2:05  SCV  
  22  2:18  SCV  
  22  2:21  Command Center  
  23  2:27  Hellion  
  25  2:30  SCV  
  25  2:37  Reaper x2  
  28  2:40  Supply Depot  
  28  2:44  SCV  
  29  2:49  Hellion  
  31  2:59  Starport  
  31  3:02  SCV  
  32  3:09  Marine  
  32  3:10  Marine  
  34  3:14  Widow Mine, SCV  
  37  3:26  SCV  
  38  3:29  Marine  
  38  3:33  Marine  
  40  3:35  Medivac  
  40  3:37  Widow Mine  
  40  3:38  SCV  
  45  3:47  Marine  
  46  3:50  Marine, SCV  
  45  3:57  Orbital Command  
  45  4:00  Factory Tech Lab  
  45  4:02  SCV  
  43  4:05  Marine  
  43  4:08  Starport Tech Lab  
  43  4:09  Marine, Bunker  
  44  4:14  SCV  
  45  4:18  Siege Tank  
  45  4:22  Barracks  
  49  4:24  SCV  
  49  4:28  Supply Depot  
  49  4:29  SCV  
  50  4:32  Marine  
  50  4:33  Marine  
  50  4:40  Raven  
  50  4:41  SCV  
  50  4:44  SCV  
  54  4:50  Marine, Bunker  
  54  4:51  Marine  
  54  4:53  SCV  
  54  4:56  Siege Tank  
  54  4:59  SCV  
  59  5:05  Supply Depot  
  55  5:07  Engineering Bay  
  55  5:08  Marine x2  
  55  5:13  Marine  
  56  5:14  SCV  
  56  5:16  SCV  
  57  5:22  Viking  
  57  5:26  Marine, SCV  
  61  5:28  SCV, Supply Depot  
  61  5:30  Marine  
  66  5:35  Siege Tank  
  66  5:38  SCV  
  66  5:40  Marine  
  66  5:42  SCV  
  69  5:46  Marine  
  70  5:50  SCV  
  70  5:51  Marine  
  70  5:54  SCV  
  70  6:01  Barracks  
  70  6:02  SCV  
  72  6:04  Refinery  
  72  6:05  Starport Reactor, Refinery  
  72  6:06  SCV  
  70  6:12  Supply Depot  
  70  6:14  SCV, Marauder  
  70  6:15  Marine x2  
  70  6:16  Stimpack  
  70  6:18  SCV  
  76  6:26  SCV  
  76  6:28  Supply Depot  
  76  6:30  SCV  
  78  6:33  Marine x2, Supply Depot  
  78  6:34  Marine  
  78  6:37  Terran Infantry Weapons Level 1  
  78  6:38  SCV  
  82  6:41  Supply Depot  
  82  6:42  Factory Reactor, SCV  
  83  6:50  Command Center  
  83  6:51  Marine x2  
  83  6:54  Marauder  
  87  6:57  Supply Depot  
  89  7:01  Marauder  
  89  7:02  Combat Shield  
  89  7:10  Marine x2  
  89  7:11  Barracks  
  89  7:12  Barracks  
  91  7:16  Supply Depot  
  91  7:17  Marauder  
  91  7:20  Widow Mine  
  91  7:21  Widow Mine  
  91  7:22  Medivac  
  99  7:24  SCV  
  99  7:28  Medivac, Supply Depot  
  102  7:31  Marine x2  
  102  7:33  SCV  
  102  7:35  Marauder  
  107  7:39  SCV  
  107  7:41  Supply Depot  
  108  7:46  Widow Mine x2  
  108  7:47  SCV  
  108  7:49  Marauder  
  115  7:54  Medivac  
  117  8:01  Marine x2, Barracks Reactor, Barracks Tech Lab  
  117  8:02  Medivac  
  117  8:05  Orbital Command  
  121  8:07  SCV  
  121  8:09  Marauder  
  121  8:11  Widow Mine x2  
  128  8:13  SCV, Marauder  
  128  8:19  Marine  
  130  8:20  SCV  
  130  8:23  Marauder  
  130  8:25  SCV  
  130  8:26  Marine  
  133  8:30  Supply Depot, Marauder  
  133  8:33  SCV  
  135  8:34  Marauder, Orbital Command  
  135  8:37  SCV  
  135  8:40  Marine x3  
  136  8:43  Widow Mine  
  136  8:45  Marauder  
  136  8:46  Marine, Widow Mine  
  136  8:47  SCV  
  144  8:51  Marine  
  144  8:52  SCV, Supply Depot  
  144  8:55  Medivac  
  144  8:57  Medivac  
  144  8:59  Marine  
  144  9:02  SCV  
  149  9:03  SCV, Marauder  
  149  9:05  Marine x2  
  149  9:07  Orbital Command  
  149  9:09  Marine  
  150  9:12  Supply Depot  
  150  9:13  Marine, Marauder  
  150  9:16  Marine  
  146  9:18  SCV x2  
  146  9:23  Marine x2  
  136  9:25  Marauder  
  136  9:30  SCV x2  
  134  9:31  Marauder  
  134  9:33  SCV  
  134  9:34  Marine  
  135  9:40  Marine  
  135  9:42  SCV x2  
  135  9:44  Marine x2  
  135  9:45  SCV, Marauder  
  143  9:46  Marine  
  143  9:52  Marine x2  
  143  9:54  SCV  
  143  9:58  Marine  
  144  10:01  Viking  
  144  10:03  SCV  
  144  10:05  Marine, Marauder  
  150  10:07  Marine, Marauder  
  150  10:12  Marauder  
  150  10:13  Marine  
  154  10:18  Supply Depot  
  154  10:19  Viking  
  156  10:23  Marine  
  156  10:26  Marine, Marauder  
  156  10:27  SCV  
  156  10:28  SCV  
  162  10:29  SCV, Marauder  
  162  10:33  Terran Infantry Armor Level 1  
  165  10:41  Command Center  
  165  10:46  Ghost Academy  
  165  10:50  Viking  
  165  10:51  Viking  
  169  11:00  Engineering Bay  
  169  11:01  Armory  
  169  11:04  Bunker, Supply Depot, Refinery  
  169  11:06  Refinery  
  169  11:07  Marauder  
  171  11:12  Supply Depot  
  171  11:17  Ghost  
  174  11:20  Ghost, Viking  
  178  11:27  Viking  
  178  11:28  Ghost  
  183  11:38  Barracks  
  181  11:42  Barracks, Marine  
  181  11:45  Barracks  
  182  11:49  Marine x3  
  182  11:50  Viking  
  187  11:55  Ghost  
  187  11:57  Viking  
  187  11:58  SCV x2  
  187  12:00  SCV  
  195  12:10  Marine x2, SCV, Marauder  
  198  12:16  Sensor Tower  
  198  12:18  Starport  
  198  12:19  Terran Infantry Weapons Level 2  
  198  12:20  Viking  
  199  12:23  Concussive Shells  
  199  12:24  SCV  
  199  12:28  Planetary Fortress  
  200  12:33  Marine x2  
  199  12:37  Marine  
  199  12:52  Command Center  
  199  12:53  Missile Turret  
  199  12:54  Missile Turret, Refinery x2  
  199  12:56  Sensor Tower, Terran Ship Weapons Level 1, Terran Infantry Armor Level 2  
  199  13:18  Marauder  
  199  13:21  Viking  
  199  13:24  Missile Turret  
  200  13:29  Missile Turret  
  200  13:31  Command Center  
  200  13:35  Command Center  
  192  13:44  Marauder  
  192  13:47  Ghost  
  192  13:48  Marine x4, Marauder  
  174  13:51  Medivac  
  174  13:52  Marine x3  
  174  13:55  Viking x3  
  146  14:05  Marine x2, Orbital Command  
  146  14:09  Marine  
  149  14:10  Marauder  
  149  14:12  Marine x2  
  149  14:17  Marauder  
  155  14:23  Marauder  
  156  14:25  Viking  
  156  14:29  Barracks Reactor, Barracks Tech Lab x2  
  156  14:30  Ghost, Marine x2  
  163  14:32  Marine  
  163  14:35  Marine  
  163  14:37  Ghost  
  167  14:44  Marauder  
  169  14:47  Marine  
  169  14:48  Marine, Marauder  
  169  14:49  Marine  
  169  14:50  Marauder  
  176  14:53  Marine  
  168  15:00  Marauder  
  168  15:05  Marine  
  168  15:06  Marauder x2  
  153  15:08  Marine  
  153  15:09  Marine  
  153  15:10  Marauder  
  153  15:11  Marauder  
  153  15:13  Marine  
  143  15:14  Orbital Command  
  143  15:15  Marine  
  143  15:18  Marine  
  143  15:20  Orbital Command  
  141  15:21  Marauder  
  141  15:23  Marine  
  141  15:26  Terran Infantry Weapons Level 3  
  141  15:27  Ghost, Marauder  
  146  15:31  Marauder  
  146  15:32  Marine x2  
  147  15:42  Ghost, Missile Turret  
  150  15:43  Marine x3  
  150  15:44  Marine x2  
  150  15:49  Marauder  
  157  15:50  Marine  
  157  15:52  Marauder  
  157  15:55  Marine  
  157  15:56  Ghost  
  160  15:59  Terran Infantry Armor Level 3  
  160  16:02  Marauder  
  160  16:03  Marine  
  163  16:04  Marine  
  163  16:08  Marine  
  163  16:09  Ghost  
  163  16:10  Marine  
  163  16:11  Marauder  
  171  16:13  Marine  
  171  16:14  Marauder  
  171  16:15  Orbital Command  
  174  16:21  Medivac, Terran Ship Weapons Level 2  
  174  16:23  Viking  
  174  16:24  Marine, Marauder  
  174  16:25  Marauder  
  183  16:27  Viking  
  183  16:30  Marine  
  183  16:31  Marine  
  183  16:32  Marauder  
  189  16:35  Marauder  
  189  16:37  Viking  
  189  16:38  Marine, Marauder  
  187  16:41  Marine x2  
  187  16:45  Marauder  
  187  16:46  Marauder  
  193  16:54  Marauder  
  195  16:55  Viking  
  195  16:56  SCV, Marauder  
  195  16:58  Marine  
  200  17:04  Missile Turret  
  200  17:08  Missile Turret  
  200  17:09  Sensor Tower  
  200  17:10  Medivac  
  200  17:11  Marine  
  200  17:20  Sensor Tower  
  200  17:24  Marine  
  200  17:28  Ghost  
  200  17:30  Marine  
  200  17:33  Marine  
  200  17:36  Marine  
  182  17:37  Medivac, Marine  
  182  17:38  Marine, Marauder  
  182  17:40  Medivac, Marine  
  182  17:41  Viking  
  182  17:44  Marine x2, Marauder  
  189  17:48  Marine  
  191  17:51  Marine, Command Center  
  191  17:54  Marine  
  191  17:55  Marine  
  191  17:56  Ghost, Marine, Medivac  
  199  18:14  Marine  
  199  18:16  Medivac  
  199  18:17  Marine x2, Marauder x2  
  199  18:19  Marine x2  
  199  18:23  Marine, Marauder  
  199  18:25  Command Center  
  199  18:26  Marine  
  200  18:28  Marine  
  200  18:31  Medivac, Marine  
  200  18:32  SCV  
  198  18:38  Medivac  
  198  18:39  Marauder  
  200  18:52  Medivac  
  200  19:02  Missile Turret  
Tags
 
Add a new tag
Caveats
  • Supply blocks, unpowered buildings, or Contaminate may cause inaccurate times.
  • Supply counts are checked every 10 seconds.